 Dungeon Crawl Stone Soup version 0.29.1-2-gbd0b4ee654 (webtiles) character file.

Game seed: 1289590403483864159

77 Sabo the Trooper (level 4, 35/35 HPs)
             Began as a Demonspawn Fighter on Nov 24, 2022.
             Was a Follower of Fedhas.
             Got out of the dungeon alive.
             The game lasted 00:09:07 (2463 turns).

Sabo the Trooper (Demonspawn Fighter)               Turns: 2463, Time: 00:09:08

Health: 35/35      AC:  7    Str: 19    XL:     4   Next: 13%
Magic:  4/4        EV:  9    Int:  9    God:    Fedhas [*.....]
Gold:   77         SH:  4    Dex: 12    Spells: 3/3 levels left

rFire   . . .      SeeInvis .   a - +0 war axe
rCold   . . .      Faith    .   c - +0 buckler
rNeg    . . .      Spirit   .   b - +1 scale mail
rPois   .          Reflect  .   (no helmet)
rElec   .          Harm     .   (no cloak)
rCorr   .          Rampage  .   (no gloves)
Will    .....                   (no boots)
Stlth   ..........              (no amulet)
HPRegen 0.11/turn               (no ring)
MPRegen 0.09/turn               (no ring)

@: no status effects
A: hooves 1
a: Renounce Religion


You escaped.
You worshipped Fedhas.
Fedhas was aware of your devotion.
You visited 1 branch of the dungeon, and saw 2 of its levels.

You collected 77 gold pieces.

Inventory:

Hand Weapons
 a - a +0 war axe (weapon)
Missiles
 k - 2 poisoned darts (quivered)
Armour
 b - a +1 scale mail (worn)
 c - a +0 buckler (worn)
Scrolls
 e - 2 scrolls of identify {unknown}
 f - 2 scrolls of enchant armour
 h - a scroll of vulnerability {unknown}
 j - a scroll of amnesia {unknown}
 m - a scroll of magic mapping {unknown}
Potions
 d - a potion of might
 g - a potion of resistance {unknown}
 i - a potion of lignification {unknown}
 l - 4 potions of curing {unknown}
 n - a potion of magic {unknown}
 o - a potion of attraction {unknown}
 p - a potion of heal wounds {unknown}
 q - a potion of degeneration {unknown}


   Skills:
 + Level 3.4 Fighting
 + Level 2.6 Axes
 + Level 3.3 Armour
 + Level 0.1 Dodging
 + Level 0.1 Stealth
 + Level 3.0 Shields


You had 3 spell levels left.
You didn't know any spells.
Your spell library was empty.

Dungeon Overview and Level Annotations

Branches:
Dungeon (2/15)

Altars:
Fedhas


Innate Abilities, Weirdness & Mutations

You have large cloven feet.


Message History

You slash the fungus!
The fungus begins to die.
You block the endoplasm's attack. The frilled lizard closely misses you.
The endoplasm hits you but does no damage.
You block the frilled lizard's attack.
You slash the frilled lizard!
You kill the frilled lizard!
You hit the fungus. You hit the endoplasm.
The endoplasm hits you but does no damage.
Found a scroll labelled BAULILL ICAPT.
A nearby fungus withers and dies.
The endoplasm freezes you.
You are frozen.
You see here a frilled lizard corpse.
You hit the endoplasm.
You kick the endoplasm, but do no damage.
The endoplasm is heavily wounded.
The endoplasm freezes you.
You are frozen.
You slash the endoplasm!
You kill the endoplasm!
e - 2 scrolls labelled BAULILL ICAPT (gained 1)
You start resting.
HP restored.
l - 4 lumpy inky potions (gained 1)
You enter the shallow water.
Moving in this stuff is going to be slow.
There is a faded altar of an unknown god here.
You cannot tell which god this altar belongs to.
Convert to them anyway?
Fedhas accepts your prayer! Fedhas welcomes you!
The plants of the dungeon cease their hostilities.
You enter the shallow water.
Moving in this stuff is going to be slow.
There is a stone staircase leading up here.
You can't go down here!
You climb upwards.
There is a stone staircase leading down here.
There is an open door here.
There is a staircase leading out of the dungeon here.
Are you sure you want to leave the Dungeon?
This will make you lose the game!
You have escaped!

##..#####≈≈≈§§≈§#####..## ###
##.### #≈≈≈....§≈§≈# ###.###..
#.## #.§.........# ##.##.# #.#
######'###### #.##.# ##.#####
###8)8#8### #####.##.#
#.##≈..###.........###...##.#)#
#)#≈§..##...........##....#.#..
#.#≈...#'............#....#.#..
#.'≈...'8...(.@...........'.#..
#)#≈...##...(........#....#.#..
#.#≈≈..##...........##....#.#..
#.##≈..###.........###...##.#..
#.###### ####8'8#### #####.##..
##.# ######(###### #.##.. #.##
#§.§§.......# ##.##.. ## ##.###
#≈≈≈.....≈≈≈# ###.###.#
.#####..#####≈≈≈≈≈§§#####..##
#.#


There were no monsters in sight!

Vanquished Creatures
  2 adders (D:2)
  A dart slug (D:1)
  9 ball pythons
  5 bats
  4 endoplasms
  4 giant cockroaches
  6 goblins (D:1)
  6 hobgoblins
  5 kobolds (D:1)
  2 quokkas
  3 frilled lizards
47 creatures vanquished.

Vanquished Creatures (others)
  A fungus (D:2)
  4 plants (D:2)
5 creatures vanquished.

Grand Total: 52 creatures vanquished

Notes
Turn   | Place    | Note
-------+----------+-------------------------------------------
     0 | D:1      | Sabo the Demonspawn Fighter began the quest for the Orb.
     0 | D:1      | Reached XP level 1. HP: 18/18 MP: 1/1
   290 | D:1      | Gained mutation: You have large cloven feet. [demonic
                  | ancestry]
   290 | D:1      | Reached XP level 2. HP: 24/24 MP: 2/2
   675 | D:1      | Reached XP level 3. HP: 28/29 MP: 3/3
  1763 | D:2      | Reached XP level 4. HP: 21/35 MP: 4/4
  2248 | D:2      | Found a faded altar of an unknown god.
  2324 | D:2      | Prayed at the altar of an unknown god.
  2324 | D:2      | Became a worshipper of Fedhas Madash
  2324 | D:2      | Reached * piety under Fedhas
  2463 | D:$      | Got out of the dungeon alive.

Illustrated notes

Levels and vault maps discovered:
D:1:      dpeg_arrival_morbid_curiosity, layout_basic, minmay_tiny_reverse_x
D:2:      layout_basic, shapermc_ecumenical_altar_mp_ritualfount

Skill      XL: |  1  2 |
---------------+-------+-----
Armour         | 3 |  3.3
Axes           | 2 |  2.6
Shields        | 3 |  3.0
Fighting       | |  3.4
Dodging        | |  0.1
Stealth        | |  0.1

Action                   |  1- 3 |  4- 6 || total
-------------------------+-------+-------++-------
Melee: War axe           |   107 |    13 ||   120
       Kick              |    10 |     4 ||    14
  Use: Scroll            |     1 |       ||     1
Armor: Scale mail        |    58 |     6 ||    64
Dodge: Dodged            |    58 |     7 ||    65
Block: Buckler           |    30 |     5 ||    35
